 Dungeon Crawl Stone Soup version 0.30-a0-596-g0af90f9a20 (webtiles) character file.

Game seed: 3150028577126050748

13739 pokeman the Eclecticist (level 11, -2/61 HPs)
             Began as a Deep Elf Hedge Wizard on Jan 7, 2023.
             Was a High Priest of Vehumet.
             Slain by a vampire mosquito (5 damage)
             ... on level 11 of the Dungeon.
             The game lasted 00:35:46 (13569 turns).

pokeman the Eclecticist (Deep Elf Hedge Wizard)    Turns: 13569, Time: 00:35:47

Health: -2/61      AC:  9    Str:  7    XL:     11   Next: 79%
Magic:  42/42      EV: 13    Int: 30    God:    Vehumet [*****.]
Gold:   765        SH:  5    Dex: 14    Spells: 31/42 levels left

rFire   + . .      SeeInvis .    L - +4 glaive "Bun Ysei" {drain, *Rage rF+ rN++ Stlth+}
rCold   + . .      Faith    .    (shield currently unavailable)
rNeg    + + .      Spirit   .    G - +1 robe {rC+}
rPois   .          Reflect  +    s - +2 helmet
rElec   .          Harm     .    (no cloak)
rCorr   .          Rampage  .    e - +0 pair of gloves
Will    +....      Rage     20%  a - +0 pair of boots
Stlth   +++                      P - amulet of reflection
HPRegen 0.30/turn                B - ring of magical power
MPRegen 0.28/turn                w - +6 ring of intelligence

@: on berserk cooldown, slowed, very slow
A: no striking features
a: Renounce Religion


You were on level 11 of the Dungeon.
You worshipped Vehumet.
Vehumet was extremely pleased with you.
You visited 2 branches of the dungeon, and saw 12 of its levels.
You also visited: Ossuary and Bailey.

You collected 765 gold pieces.

Inventory:

Hand Weapons
 L - the +4 glaive "Bun Ysei" (weapon) {drain, *Rage rF+ rN++ Stlth+}
   (You found it on level 8 of the Dungeon)

   rF:        It protects you from fire.
   rN:        It greatly protects you from negative energy.
   *Rage:     It berserks you when you make melee attacks (+20% chance).
   Stlth:     It makes you more stealthy.
Missiles
 t - 2 curare-tipped darts
Armour
 a - a +0 pair of boots (worn)
 e - a +0 pair of gloves (worn)
 s - a +2 helmet (worn)
 G - a +1 robe of cold resistance (worn)
 K - a +2 ring mail of poison resistance
 R - a +0 troll leather armour
 U - +0 acid dragon scales
Magical Staves
 Q - a staff of cold
Jewellery
 n - a +6 ring of dexterity
 w - a +6 ring of intelligence (right hand)
 B - a ring of magical power (left hand)
 P - an amulet of reflection (around neck)
Wands
 l - a wand of polymorph (5)
 y - a wand of digging (1)
 A - a wand of light (9)
 N - a wand of mindburst (11)
 W - a wand of flame (8)
Scrolls
 h - 4 scrolls of teleportation
 j - 3 scrolls of magic mapping
 m - 2 scrolls of blinking
 o - 2 scrolls of fog
 p - a scroll of butterflies
 q - 3 scrolls of vulnerability
 u - 4 scrolls of amnesia
 z - 12 scrolls of enchant weapon
 H - 2 scrolls of noise
 I - 6 scrolls of enchant armour
 J - a scroll of acquirement
 T - a scroll of fear
Potions
 b - 2 potions of mutation
 d - 2 potions of magic
 f - 2 potions of ambrosia
 g - 4 potions of lignification
 i - 2 potions of resistance
 k - 4 potions of heal wounds
 r - 3 potions of flight
 v - 3 potions of brilliance
 x - 3 potions of attraction
 C - 3 potions of might
 D - 9 potions of curing
 E - 3 potions of invisibility
 F - 4 potions of haste {unknown}
 M - 2 potions of berserk rage {unknown}
 O - a potion of degeneration {unknown}
 S - a potion of cancellation {unknown}
 V - a potion of experience {unknown}


   Skills:
 - Level 4.1 Fighting
 + Level 5.4 Armour
 - Level 3.0 Dodging
 - Level 3.0 Stealth
 * Level 16.0 Spellcasting
 + Level 9.4 Conjurations
 + Level 8.5 Summonings
 - Level 1.1 Translocations
 - Level 2.3 Ice Magic
 - Level 1.1 Air Magic
 - Level 1.4 Poison Magic
 - Level 2.1 Evocations


You had 31 spell levels left.
You knew the following spells:

 Your Spells              Type           Power      Damage    Failure   Level
a - Magic Dart            Conj           100%       1d8       1%          1
b - Mephitic Cloud        Conj/Pois/Air  48%        N/A       1%          3
c - Call Imp              Summ           66%        N/A       1%          2
d - Blink                 Tloc           60%        N/A       1%          2
e - Hailstorm             Conj/Ice       56%        3d12      1%          3

Your spell library contained the following spells:

 Spells                   Type           Power      Damage    Failure   Level
 Orb of Destruction       Conj           34%        9d10      9%          7
 Slow                     Hex            96%        N/A       1%          1
 Cigotuvi's Dreadful Rot  Necr/Pois/Air  58%        N/A       1%          2
 Frozen Ramparts          Ice            76%        1d12      1%          3
 Summon Ice Beast         Ice/Summ       54%        N/A       1%          4
 Ice Form                 Ice/Tmut       31%        N/A       12%         4


Dungeon Overview and Level Annotations

Branches:
Dungeon (11/15)            Temple (1/1) D:6            Lair (0/5) D:10
    Orc (0/2) D:11        Ossuary (visited)          Bailey (visited)

Altars:
Ashenzari
Cheibriados
Fedhas
Hepliaklqana
Kikubaaqudgha
Makhleb
Nemelex Xobeh
Okawaru
Sif Muna
Trog
Uskayaw
Vehumet
Xom
The Shining One

Shops:
D:1 (   D:6 :


Message History

You barely miss the vampire mosquito.
The vampire mosquito is lightly damaged.
The vampire mosquito bites you but does no damage.
The vampire mosquito bites you.
The vampire mosquito draws strength from your injuries!
The vampire mosquito barely misses you.
The vampire mosquito closely misses you. x2
You slash the vampire mosquito!
The vampire mosquito is severely damaged.
You block the vampire mosquito's attack.
The vampire mosquito bites you!
* * * LOW HITPOINT WARNING * * *
The vampire mosquito bites you but does no damage.
The vampire mosquito misses you.
You miss the vampire mosquito.
The vampire mosquito is severely damaged.
The vampire mosquito barely misses you. The vampire mosquito bites you.
* * * LOW HITPOINT WARNING * * *
You block the vampire mosquito's attack.
The vampire mosquito closely misses you.
The vampire mosquito bites you but does no damage.
You miss the vampire mosquito.
The vampire mosquito is severely damaged.
The vampire mosquito bites you.
* * * LOW HITPOINT WARNING * * *
You block the vampire mosquito's attack.
The vampire mosquito closely misses you.
The vampire mosquito bites you.
* * * LOW HITPOINT WARNING * * *
You block the vampire mosquito's attack.
You miss the vampire mosquito.
The vampire mosquito is severely damaged.
The vampire mosquito bites you.
* * * LOW HITPOINT WARNING * * *
The vampire mosquito draws strength from your injuries!
You block the vampire mosquito's attack.
The vampire mosquito bites you.
* * * LOW HITPOINT WARNING * * *
The vampire mosquito barely misses you. The vampire mosquito bites you.
You die...

. .. ... .... .....##
############
.......#####..........##
#y@.†.............#
#####..............
#..............
#..............
#..............
#..............
##............#
##..........## ..
..#####.#####


You could see a vampire mosquito.

Vanquished Creatures
  5 two-headed ogres
  4 orc knights (Bailey)
  A kobold demonologist (D:10)
  A rime drake (D:10)
  A hornet (D:10)
  A troll (D:10)
  Prince Ribbit (D:7)
  A shadow (D:10)
  6 yaks (D:11)
  A wraith (D:9)
  A wyvern (D:9)
  A vampire (D:9)
  6 vampire mosquitoes
  A steam dragon (D:7)
  Menkaure (Ossuary)
  Duvessa (D:7)
  7 orc warriors
  2 sky beasts
  2 black bears (D:6)
  2 ice beasts (D:10)
  An ogre (D:5)
  A wolf (D:10)
  6 centaurs
  A tengu (D:10)
  3 phantoms
  6 kobold brigands
  A gnoll sergeant (D:7)
  A necrophage (D:7)
  3 bullfrogs
  An elf skeleton (D:7)
  9 wights
  Dowan (D:7)
  3 killer bees (D:8)
  A vampire bat (D:10)
  11 howler monkeys
  4 hounds
  2 jellies (D:5)
  A gnoll bouda (D:4)
  6 iguanas
  2 orc priests
  Natasha (thrice) (D:2)
  9 orc wizards
  A human skeleton (D:7)
  3 mummies (Ossuary)
  11 gnolls
  7 adders
  A shadow imp (D:7)
  2 white imps (D:6)
  An ufetubus (D:4)
  A worm (D:4)
  A dart slug (D:4)
  41 orcs
  3 ball pythons
  3 endoplasms
  3 giant cockroaches
  16 goblins
  7 hobgoblins
  19 kobolds
  4 quokkas
  14 bats
  3 frilled lizards
  6 gnoll skeletons (Ossuary)
  5 gnoll zombies (Ossuary)
  3 goblin skeletons (Ossuary)
  4 goblin zombies (Ossuary)
  4 hobgoblin skeletons (Ossuary)
  5 hobgoblin zombies (Ossuary)
  A kobold skeleton (Ossuary)
  3 kobold zombies (Ossuary)
  5 orc skeletons
  3 orc zombies
  8 rats
  5 rat skeletons (Ossuary)
  2 rat zombies (Ossuary)
317 creatures vanquished.

Vanquished Creatures (collateral kills)
  A black bear (D:7)
  A sky beast (D:7)
  An elf zombie (D:7)
  A bullfrog (D:7)
  A human skeleton (D:7)
  2 gnolls (D:4)
  An adder (D:4)
  A white imp (D:7)
  A gnoll zombie (Ossuary)
  A goblin zombie (Ossuary)
  A hobgoblin zombie (Ossuary)
  A kobold skeleton (Ossuary)
  A kobold zombie (Ossuary)
  An orc skeleton (Ossuary)
15 creatures vanquished.

Vanquished Creatures (others)
  A bush (D:6)
1 creature vanquished.

Grand Total: 333 creatures vanquished

Notes
Turn   | Place    | Note
-------+----------+-------------------------------------------
     0 | D:1      | pokeman the Deep Elf Hedge Wizard began the quest for the
                  | Orb.
     0 | D:1      | Reached XP level 1. HP: 10/10 MP: 7/7
   344 | D:1      | Found a faded altar of an unknown god.
   356 | D:1      | Reached XP level 2. HP: 15/15 MP: 5/9
   885 | D:1      | Found Ireaf's Weapon Shop.
   928 | D:1      | Reached skill level 5 in Spellcasting
  1186 | D:2      | Noticed Natasha
  1195 | D:2      | Noticed a crimson imp
  1196 | D:2      | Killed Natasha
  1197 | D:2      | Reached skill level 1 in Fighting
  1197 | D:2      | Reached skill level 1 in Armour
  1197 | D:2      | Reached XP level 3. HP: 20/20 MP: 1/11
  1201 | D:2      | Learned a level 3 spell: Mephitic Cloud
  1204 | D:2      | Learned a level 2 spell: Call Imp
  1207 | D:2      | Learned a level 2 spell: Blink
  1718 | D:2      | Reached XP level 4. HP: 25/25 MP: 11/13
  1808 | D:2      | Noticed Natasha
  1816 | D:2      | Killed Natasha
  1928 | D:2      | Noticed Natasha
  1943 | D:2      | Killed Natasha
  2229 | D:2      | Reached skill level 6 in Spellcasting
  2229 | D:2      | Reached XP level 5. HP: 29/29 MP: 5/15
  2832 | D:3      | Reached skill level 1 in Poison Magic
  3062 | D:4      | Reached skill level 1 in Air Magic
  3062 | D:4      | Reached XP level 6. HP: 30/34 MP: 10/17
  3229 | D:4      | Reached skill level 7 in Spellcasting
  3387 | D:4      | Reached skill level 1 in Evocations
  4406 | D:5      | Entered Level 5 of the Dungeon
  4443 | D:5      | Reached XP level 7. HP: 25/39 MP: 11/20
  4626 | D:5      | Reached skill level 8 in Spellcasting
  5398 | D:5      | Reached XP level 8. HP: 9/44 MP: 13/22
  5536 | D:5      | Reached skill level 9 in Spellcasting
  5873 | D:6      | Found Byelis's Book Shop.
  5985 | D:6      | Found a staircase to the Ecumenical Temple.
  5998 | Temple   | Entered the Ecumenical Temple
  6191 | Temple   | Became a worshipper of Vehumet
  6337 | D:6      | Reached skill level 5 in Conjurations
  6628 | D:6      | Reached skill level 10 in Spellcasting
  7380 | D:7      | Reached XP level 9. HP: 46/49 MP: 18/25
  7511 | D:7      | Noticed Prince Ribbit
  7549 | D:7      | Found a burning altar of Makhleb.
  7551 | D:7      | Found a sparkling altar of Nemelex Xobeh.
  7633 | D:7      | Found a sand-covered staircase.
  7636 | D:7      | Reached skill level 11 in Spellcasting
  7652 | Ossuary  | Entered an ossuary
  7672 | Ossuary  | Reached * piety under Vehumet
  7672 | Ossuary  | Offered knowledge of Sandblast by Vehumet.
  7799 | Ossuary  | Reached ** piety under Vehumet
  7860 | Ossuary  | Offered knowledge of Scorch by Vehumet.
  8056 | Ossuary  | Noticed Menkaure
  8075 | Ossuary  | Killed Menkaure
  8083 | Ossuary  | Offered knowledge of Hailstorm by Vehumet.
  8402 | D:7      | Reached skill level 5 in Summonings
  8419 | D:7      | Reached *** piety under Vehumet
  8434 | D:7      | Noticed Duvessa
  8442 | D:7      | Noticed Dowan
  8456 | D:7      | Killed Duvessa
  8463 | D:7      | Killed Dowan
  8464 | D:7      | Reached skill level 12 in Spellcasting
  8677 | D:7      | Killed Prince Ribbit
  8844 | D:7      | Learned a level 3 spell: Hailstorm
  9240 | D:8      | Reached XP level 10. HP: 56/56 MP: 20/28
  9244 | D:8      | Noticed a two-headed ogre
  9252 | D:8      | Killed a two-headed ogre
  9253 | D:8      | Reached skill level 1 in Ice Magic
  9306 | D:7      | Offered knowledge of Kindle Blastsparks by Vehumet.
  9467 | D:8      | Noticed a two-headed ogre
  9470 | D:8      | Killed a two-headed ogre
  9471 | D:8      | Reached skill level 13 in Spellcasting
  9672 | D:8      | Identified the +4 glaive "Bun Ysei" {drain, *Rage rF+ rN++
                  | Stlth+}
 10214 | D:9      | Noticed a two-headed ogre
 10223 | D:9      | Killed a two-headed ogre
 10317 | D:9      | Found a transporter.
 10369 | D:9      | Found a transporter.
 10397 | D:9      | Found a transporter.
 10434 | D:9      | Noticed a two-headed ogre
 10484 | D:9      | Killed a two-headed ogre
 10485 | D:9      | Reached skill level 14 in Spellcasting
 10825 | D:9      | Found a transporter.
 11137 | D:10     | Entered Level 10 of the Dungeon
 11200 | D:10     | Reached **** piety under Vehumet
 11232 | D:10     | Reached XP level 11. HP: 56/61 MP: 21/31
 11259 | D:10     | Found a flagged portal.
 11318 | Bailey   | Entered a bailey
 11328 | Bailey   | Offered knowledge of Yara's Violent Unravelling by Vehumet.
 11527 | Bailey   | Noticed an orc knight
 11528 | Bailey   | Noticed an orc knight
 11529 | Bailey   | Noticed an orc knight
 11559 | Bailey   | Killed an orc knight
 11563 | Bailey   | Killed an orc knight
 11572 | Bailey   | Killed an orc knight
 11759 | Bailey   | Noticed an orc knight
 11789 | Bailey   | Killed an orc knight
 11790 | Bailey   | Reached skill level 15 in Spellcasting
 12634 | D:10     | Reached skill level 5 in Armour
 12705 | D:10     | Found a staircase to the Lair.
 12939 | D:10     | Reached ***** piety under Vehumet
 12939 | D:10     | Offered knowledge of Orb of Destruction by Vehumet.
 12989 | D:11     | Found a staircase to the Orcish Mines.
 13012 | D:11     | HP: 3/61 [yak (1)]
 13270 | D:11     | Noticed a two-headed ogre
 13280 | D:11     | Killed a two-headed ogre
 13421 | D:11     | Identified a scroll of acquirement
 13555 | D:11     | Reached skill level 16 in Spellcasting
 13569 | D:11     | HP: 3/61 [vampire mosquito (2)]
 13569 | D:11     | Slain by a vampire mosquito

Illustrated notes

Levels and vault maps discovered:
D:1:      sevenhm_arrival_forest_fort_large_4, layout_basic,
          basic_ecumenical_altar, serial_shops,
          nicolae_shop_bloodbath_and_beyond, serial_forest,
          infiniplex_forest_clump_long, infiniplex_forest_lined_2,
          infiniplex_forest_lined_corner, infiniplex_forest_corner_2,
          infiniplex_forest_corner_1, hangedman_decor_growths, minmay_hedge_maze
D:2:      layout_loops_ring, uniq_natasha
D:3:      layout_rooms
D:4:      kennysheep_big_flooded_room, layout_cave_pods, serial_rivers,
          chequers_serial_rivers_small_a, chequers_serial_rivers_small_3,
          chequers_serial_rivers_micro_c, chequers_serial_rivers_micro_b,
          chequers_serial_rivers_room_a
D:5:      nicolae_cairo_tiling_large_dashed, layout_rooms,
          dreamdust_princess_bridge
D:6:      layout_basic, minmay_temple_entry_large_hall, serial_shops,
          nicolae_shop_hallway_stairs, kb_lookout_dungeons_type,
          minmay_misc_feat_rugged, dreamdust_mushroom_princess,
          minmay_misc_feat_more_columns
D:7:      layout_rooms, grunt_temple_overflow_open,
          nicolae_ossuary_entry_catacombs, minmay_holes, minmay_starry_boxes,
          uniq_duvessa, uniq_prince_ribbit1
D:8:      layout_rooms
D:9:      layout_basic, nicolae_transporter_intersection
D:10:     layout_loops_ring, hellmonk_lair_entry_icy, enter_bailey_3,
          grunt_ministairs_3, roderic_batcave
D:11:     layout_rooms, orc_0_dummy, hangedman_stone_soup
Temple:   mainiacjoe_temple_big_plus

Skill      XL: |  1  2  3  4  5  6  7  8  9 10 11 |
---------------+----------------------------------+-----
Spellcasting   | 5 6 7 8 10 12 14 16 | 16.0
Fighting       | 1 2 3 4 |  4.1
Armour         | 1 2 3 4 5 |  5.4
Conjurations   | 2 3 4 5 7 8 9 |  9.4
Dodging        | 3 |  3.0
Stealth        | 3 |  3.0
Poison Magic   | 1 |  1.4
Air Magic      | 1 |  1.1
Evocations     | 1 2 |  2.1
Summonings     | 2 4 5 7 8 |  8.5
Ice Magic      | 2 |  2.3
Translocations | |  1.1

Action                   |  1- 3 |  4- 6 |  7- 9 | 10-12 || total
-------------------------+-------+-------+-------+-------++-------
Melee: Dagger            |       |     6 |       |       ||     6
       Short sword       |       |     2 |   332 |     3 ||   337
       Punch             |       |       |     4 |       ||     4
       Glaive            |       |       |       |   102 ||   102
 Cast: Magic Dart        |    86 |   147 |   270 |   123 ||   626
       Mephitic Cloud    |       |     6 |    31 |    28 ||    65
       Call Imp          |       |     3 |    28 |     6 ||    37
       Hailstorm         |       |       |     7 |    81 ||    88
       Blink             |       |       |     2 |     9 ||    11
Evoke: Wand              |       |       |     2 |     3 ||     5
  Use: Scroll            |       |       |       |    19 ||    19
 Stab: Sleeping          |       |     1 |       |       ||     1
       Confused          |       |     2 |     6 |     5 ||    13
       Distracted        |       |       |     4 |       ||     4
       Invisible         |       |       |     1 |       ||     1
Armor: Robe              |     4 |    16 |   108 |    63 ||   191
Dodge: Dodged            |     7 |    53 |   222 |   126 ||   408
Block: Other             |       |       |       |    39 ||    39

Table legend: (Time is in decaauts)
 A = Elapsed time spent in this place.
 B = Non-inter-level travel time spent in this place.
 C = Inter-level travel time spent in this place.
 D = Time resting spent in this place.
 E = Time spent auto-exploring this place.
 F = Levels seen in this place.
 G = Mean time per level.
                   A        B        C        D        E       F      G
               +--------+--------+--------+--------+--------+-----+--------+
         Total |  13741 |  13332 |    409 |   1577 |   8957 |  14 |  981.5 |
       Dungeon |  12245 |  11873 |    372 |   1425 |   8176 |  11 | 1113.2 |
        Temple |    231 |    194 |     37 |      0 |    181 |   1 |  231.0 |
       Ossuary |    588 |    588 |      0 |     11 |    227 |   1 |  588.0 |
        Bailey |    675 |    675 |      0 |    141 |    372 |   1 |  675.0 |
               +--------+--------+--------+--------+--------+-----+--------+

Top non-repeatable levels by time:
     D:4: 1803 daAuts
     D:7: 1369 daAuts
     D:6: 1337 daAuts
    D:10: 1257 daAuts
     D:9: 1247 daAuts
     D:2: 1192 daAuts
     D:5: 1178 daAuts
     D:1: 1113 daAuts
     D:8: 689 daAuts
  Bailey: 675 daAuts
     D:3: 601 daAuts
 Ossuary: 588 daAuts
    D:11: 454 daAuts
  Temple: 231 daAuts
